 Dungeon Crawl Stone Soup version 0.32-a0-928-g1cae6b7ea0 (webtiles) character file.

Game seed: 13363220799519610013

23 Doorstop00 the Shield-Bearer (level 2, -1/19 HPs)
             Began as a Gargoyle Fighter on Apr 12, 2024.
             Slain by a ribbon worm (5 damage)
             ... on level 2 of the Dungeon.
             The game lasted 00:02:41 (862 turns).

Doorstop00 the Shield-Bearer (Gargoyle Fighter)      Turns: 862, Time: 00:02:42

Health: -1/19      AC:  9    Str: 19    XL:     2   Next: 95%
Magic:  2/2        EV:  8    Int:  8    God:
Gold:   13         SH:  5    Dex:  9    Spells: 1/1 levels left

rFire   . . .        f - +2 mace (holy)
rCold   . . .        c - +1 buckler
rNeg    + . .        b - +0 scale mail
rPois   ∞            (no helmet)
rElec   +            (no cloak)
rCorr   .            (no gloves)
SInv    .            (no boots)
Will    .....        (no amulet) Stlth
                     (no ring)
HPRegen 0.23/turn    (no ring)
MPRegen 0.08/turn

%: no passive effects
@: no status effects
A: sickness immunity, AC +2, negative energy resistance 1, electricity
resistance, torment resistance 1, petrification resistance
a: no special abilities


You were on level 2 of the Dungeon.
You visited 1 branch of the dungeon, and saw 2 of its levels.

You collected 13 gold pieces.

Inventory:

Hand Weapons
 a - a +0 flail
 f - a +2 mace of holy wrath (weapon)
Missiles
 j - a throwing net (quivered)
Armour
 b - a +0 scale mail (worn)
 c - a +1 buckler (worn)
Scrolls
 g - 2 scrolls of teleportation
 i - a scroll of vulnerability {unknown}
Potions
 d - 2 potions of might
 e - a potion of haste {unknown}
 h - a potion of heal wounds
 k - 3 potions of magic {unknown}
 l - a potion of mutation {unknown}


   Skills:
 * Level 3.5 Fighting
 * Level 2.2 Maces & Flails
 * Level 3.5 Armour
 * Level 0.2 Dodging
 * Level 3.7 Shields


You had one spell level left.
You didn't know any spells.
Your spell library contained the following spells:

 Spells                   Type           Power      Damage    Failure   Level
 Summon Ice Beast         Ice/Summ       0%         N/A       99%         3
 Summon Mana Viper        Hex/Summ       0%         N/A       100%        5
 Monstrous Menagerie      Summ           0%         N/A       100%        7


Dungeon Overview and Level Annotations

Branches:
Dungeon (2/15)

Altars:


Innate Abilities, Weirdness & Mutations

You are immune to sickness and miasma.
Your stone body is resilient. (AC +2)
You are immune to poison.
You resist negative energy. (rN+)
You are resistant to electric shocks. (rElec)
You are resistant to unholy torment.
You are immune to petrification.


Message History

You are caught in a web!
The web tears apart.
You block the kobold's attack.
The ribbon worm bites you but does no damage.
You hit the ribbon worm.
The ribbon worm is heavily wounded.
The kobold barely misses you. You block the kobold's attack.
The ribbon worm bites you.
You barely miss the ribbon worm.
The ribbon worm is moderately wounded.
The kobold hits you with a +0 dagger. The ribbon worm closely misses you.
You hit the ribbon worm.
The ribbon worm is heavily wounded.
You block the kobold's attack.
The ribbon worm bites you but does no damage.
You sock the ribbon worm!
The ribbon worm is almost dead.
The kobold barely misses you.
The ribbon worm expels a string of sticky webbing.
The stream of webbing hits you but does no damage.
You are caught in a web!
The kobold hits you with a +0 dagger.
The web tears apart.
The ribbon worm bites you but does no damage.
The kobold hits you but does no damage.
You barely miss the ribbon worm.
The ribbon worm is severely wounded.
You block the kobold's attack. The ribbon worm misses you.
You barely miss the ribbon worm.
The ribbon worm is severely wounded.
The kobold closely misses you.
The ribbon worm expels a string of sticky webbing.
You block the stream of webbing.
You hit the ribbon worm.
The ribbon worm is severely wounded.
You block the kobold's attack. The ribbon worm bites you.
* * * LOW HITPOINT WARNING * * *
The kobold hits you but does no damage.
You barely miss the ribbon worm.
The ribbon worm is severely wounded.
The ribbon worm bites you.
You die...

#. # #. .#
###.# ?# .##
...##.# ##
... ..... ...
#.###... ..
#..#.Kw##.#
#....@...#
#.#
###.).####
#.# #...# #.#
#...##### #.#
####.........
#.#
#......######
#.# #.####.#
#.# #.# #.#
#######.###.#
#.#


You could see a ribbon worm (catching breath) and a kobold.

Vanquished Creatures
  A dart slug (D:1)
  A bat (D:1)
  4 endoplasms (D:1)
  2 giant cockroaches
  A goblin (D:2)
  A hobgoblin (D:1)
  A quokka (D:1)
  4 ball pythons (D:1)
  3 frilled lizards (D:1)
  A rat (D:1)
19 creatures vanquished.

Notes
Turn   | Place    | Note
-------+----------+-------------------------------------------
     0 | D:1      | Doorstop00 the Gargoyle Fighter began the quest for the
                  | Orb.
     0 | D:1      | Reached XP level 1. HP: 14/14 MP: 1/1
   128 | D:1      | Reached XP level 2. HP: 17/19 MP: 2/2
   862 | D:2      | Slain by a ribbon worm

Illustrated notes

Levels and vault maps discovered:
D:1:      dpeg_arrival_court, layout_loops_cross, st_stairs_6,
          serial_park_tiny_1, minmay_tetromino_i2
D:2:      layout_loops_ring, uniq_crazy_yiuf_cottage, uniq_sigmund

Action                     || total
---------------------------++-------
  Melee: Flail             ||    21
         Mace              ||    45
    Use: Scroll            ||     4
 Armour: Scale mail        ||    49
  Dodge: Dodged            ||    24
  Block: Buckler           ||    19

Table legend: (Time is in decaauts)
 A = Elapsed time spent in this place.
 B = Non-inter-level travel time spent in this place.
 C = Inter-level travel time spent in this place.
 D = Time resting spent in this place.
 E = Time spent auto-exploring this place.
 F = Levels seen in this place.
 G = Mean time per level.
                   A        B        C        D        E       F      G
               +--------+--------+--------+--------+--------+-----+--------+
         Total |    882 |    850 |     32 |     41 |    602 |   2 |  441.0 |
       Dungeon |    882 |    850 |     32 |     41 |    602 |   2 |  441.0 |
               +--------+--------+--------+--------+--------+-----+--------+

Top non-repeatable levels by time:
     D:1: 807 daAuts
     D:2: 74 daAuts
